 Dungeon Crawl Stone Soup version 0.31-a0-986-g5e6e4ef867 (webtiles) character file.

Game seed: 7288827993736211870

634 AppTheSpectato the Cleaver (level 7, -6/66 HPs)
             Began as a Hill Orc Monk on Nov 10, 2023.
             Was a Believer of Beogh.
             Mangled by a gnoll
             ... wielding a +0 flail
             ... led by a gnoll sergeant
              (8 damage)
             ... on level 5 of the Dungeon.
             The game lasted 00:12:07 (3778 turns).

AppTheSpectato the Cleaver (Hill Orc Monk)          Turns: 3778, Time: 00:12:08

Health: -6/66      AC: 13    Str: 16    XL:     7   Next: 49%
Magic:  8/8        EV:  5    Int: 10    God:    Beogh [**....]
Gold:   251        SH:  0    Dex: 13    Spells: 6/6 levels left

rFire   . . .        u - +0 battleaxe
rCold   . . .        (shield currently unavailable)
rNeg    . . .        q - +0 plate armour
rPois   .            (no helmet)
rElec   .            b - +2 cloak
rCorr   .            (no gloves)
SInv    .            (no boots)
Will    .....        (no amulet) Stlth
                     (no ring)
HPRegen 0.31/turn    (no ring)
MPRegen 0.11/turn

%: no passive effects
@: no status effects
A: no striking features
a: Renounce Religion, Smiting


You were on level 5 of the Dungeon.
You worshipped Beogh.
Beogh was pleased with you.
You visited 2 branches of the dungeon, and saw 6 of its levels.

You collected 251 gold pieces.

Inventory:

Hand Weapons
 a - a +0 hand axe
 u - a +0 battleaxe (weapon)
Missiles
 p - 5 datura-tipped darts (quivered)
Armour
 b - a +2 cloak (worn)
 c - the +1 robe of Obowki {Regen+ Str+3 Int-3 Archmagi}
   (You found it on level 3 of the Dungeon)

   Str+3:     It affects your strength (+3).
   Int-3:     It affects your intelligence (-3).
   Regen+:    It increases your rate of health regeneration.
   Archmagi:  It increases the power of your magical spells.
 q - a +0 plate armour (worn)
Wands
 h - a wand of flame (29)
 m - a wand of light (9)
Scrolls
 d - a scroll of fog
 f - a scroll of noise {unknown}
 n - a scroll of summoning {unknown}
 o - 4 scrolls of identify
 t - 2 scrolls of fear {unknown}
 v - a scroll of teleportation {unknown}
Potions
 e - 2 potions of haste
 g - a potion of brilliance {unknown}
 i - a potion of enlightenment
 j - 3 potions of heal wounds
 k - 2 potions of might {unknown}
 l - 2 potions of lignification {unknown}
 r - a potion of magic {unknown}
 s - 2 potions of curing {unknown}


   Skills:
 + Level 7.2 Fighting
 + Level 8.3 Axes
 - Level 2.4 Dodging
 + Level 2.5 Invocations


You had 6 spell levels left.
You didn't know any spells.
Your spell library contained the following spells:

 Spells                   Type           Power      Damage    Failure   Level
 Poisonous Vapours        Pois/Air       0%         N/A       100%        2
 Sublimation of Blood     Necr           0%         N/A       100%        2
 Wereblood                Tmut           0%         N/A       100%        2
 Mephitic Cloud           Conj/Pois/Air  0%         N/A       100%        3
 Freezing Cloud           Conj/Ice/Air   0%         6-21      100%        5
 Summon Hydra             Summ           0%         N/A       100%        7


Dungeon Overview and Level Annotations

Branches:
Dungeon (5/15)             Temple (1/1) D:5

Altars:
Ashenzari
Cheibriados
Dithmenos
Elyvilon
Fedhas
Gozag
Hepliaklqana
Kikubaaqudgha
Makhleb
Nemelex Xobeh
Okawaru
Qazlal
Ru
Trog
Uskayaw
Vehumet
Wu Jian
Xom
Yredelemnul
The Shining One


Message History

The gnoll sergeant hits you but does no damage.
You closely miss the kobold brigand.
The kobold brigand is moderately wounded.
You closely miss the gnoll. The gnoll barely misses you. x2
The kobold brigand hits you but does no damage.
The gnoll sergeant hits you from afar with a +0 spear.
You hit the kobold brigand.
The kobold brigand is heavily wounded.
You barely miss the gnoll. The gnoll hits you but does no damage.
The gnoll hits you from afar with a +0 halberd.
The kobold brigand hits you with a +0 short sword.
The gnoll sergeant hits you from afar with a +0 spear!
You closely miss the kobold brigand.
The kobold brigand is heavily wounded.
You slash the kobold!
You kill the kobold!
Beogh accepts your kill.
You hit the gnoll. The gnoll hits you but does no damage.
The gnoll barely misses you.
The kobold brigand hits you but does no damage.
The gnoll sergeant hits you from afar with a +0 spear.
* * * LOW HITPOINT WARNING * * *
The gnoll hits you with a +0 flail.
* * * LOW HITPOINT WARNING * * *
The kobold brigand barely misses you. The gnoll hits you but does no damage.
The gnoll sergeant hits you but does no damage.
You barely miss the kobold brigand.
The kobold brigand is heavily wounded.
You slash the gnoll! The gnoll hits you with a +0 flail.
* * * LOW HITPOINT WARNING * * *
The gnoll barely misses you.
The kobold brigand hits you with a +0 short sword.
* * * LOW HITPOINT WARNING * * *
The gnoll sergeant hits you from afar with a +0 spear.
* * * LOW HITPOINT WARNING * * *
A shadow imp comes into view.
The shadow imp shouts, "Run away, thou spongy fob-snatching brigand!"
You hear a shout!
The gnoll attacks as it pursues you! The gnoll hits you with a +0 flail!
You die...

###.......# #.......#
###.....# ##......## #
##†..##...## ##
##....#.....####. ##
###.............##.
##...#gKg.##.###........
......!@).#### ##...##.#
......g.....####........
5.......##..............
..<..#..#.............[[
.....#................[<
......................)[
...##....##.##.....##...
#....#......#.###.##†###.#
#... .............#......#


You could see a kobold brigand, a gnoll sergeant, 2 gnolls and a shadow imp.

Vanquished Creatures
  Grinder (D:3)
  An ogre (D:5)
  A scorpion (D:5)
  2 hounds
  Crazy Yiuf (D:4)
  A jelly (D:5)
  An orc priest (D:5)
  An orc wizard (D:5)
  3 adders
  A gnoll (D:5)
  A white imp (D:5)
  2 worms
  2 dart slugs
  4 orcs
  4 ball pythons
  5 bats
  6 endoplasms
  3 giant cockroaches
  8 goblins
  3 hobgoblins (D:1)
  4 jackals (D:1)
  9 kobolds
  3 quokkas
  6 frilled lizards
  4 rats
77 creatures vanquished.

Notes
Turn   | Place    | Note
-------+----------+-------------------------------------------
     0 | D:1      | AppTheSpectato the Hill Orc Monk began the quest for the
                  | Orb.
     0 | D:1      | Reached XP level 1. HP: 19/19 MP: 1/1
   108 | D:1      | Reached XP level 2. HP: 27/27 MP: 2/2
   156 | D:1      | You fall into a shaft and drop 1 floor!
   505 | D:1      | Reached XP level 3. HP: 33/34 MP: 3/3
   899 | D:2      | Reached skill level 5 in Axes
  1993 | D:3      | Became a worshipper of Beogh the Brigand
  1993 | D:3      | Reached * piety under Beogh
  1993 | D:3      | Reached ** piety under Beogh
  2076 | D:3      | Reached XP level 4. HP: 40/41 MP: 4/4
  2248 | D:3      | Noticed Grinder
  2261 | D:3      | Reached skill level 5 in Fighting
  2261 | D:3      | Reached skill level 1 in Invocations
  2261 | D:3      | Paralysed by Grinder for 3 turns
  2278 | D:3      | HP: 2/42 [Grinder (7)]
  2295 | D:3      | Paralysed by Grinder for 3 turns
  2307 | D:3      | HP: 1/42 [Grinder/nerve-wracking pain (11)]
  2323 | D:3      | Killed Grinder
  2324 | D:3      | Reached skill level 7 in Axes
  2324 | D:3      | Reached XP level 5. HP: 6/50 MP: 4/6
  2324 | D:3      | Reached XP level 6. HP: 7/57 MP: 4/7
  2533 | D:3      | Found a bloodstained altar of Trog.
  2608 | D:3      | Found a burning altar of Makhleb.
  2619 | D:3      | Identified the +1 robe of Obowki {Regen+ Str+3 Int-3
                  | Archmagi}
  2781 | D:4      | Found a runed translucent door.
  2782 | D:4      | Noticed Crazy Yiuf
  2832 | D:4      | Found a sparkling altar of Nemelex Xobeh.
  2870 | D:4      | Found a radiant altar of Vehumet.
  3449 | D:4      | Killed Crazy Yiuf
  3499 | D:5      | Entered Level 5 of the Dungeon
  3532 | D:5      | Reached XP level 7. HP: 61/64 MP: 8/8
  3589 | D:5      | Reached skill level 8 in Axes
  3680 | D:5      | Found a staircase to the Ecumenical Temple.
  3693 | Temple   | Entered the Ecumenical Temple
  3777 | D:5      | HP: 2/66 [gnoll sergeant/+0 spear (5)]
  3778 | D:5      | Mangled by a gnoll

Illustrated notes

Levels and vault maps discovered:
D:1:      heliophobic_arrival_glass_houses, layout_basic
D:2:      layout_loops_corners, lexackson_kobold_supper
D:3:      layout_basic, mainiacjoe_overflow_alcove_4, bloody_makhleb,
          uniq_grinder
D:4:      layout_gridville, mainiacjoe_overflow_large_starburst,
          uniq_crazy_yiuf_cottage
D:5:      layout_cave_pools, temple_statues
Temple:   lightli_temple_of_artemis

Skill      XL: |  1  2  3  4  5  6  7 |
---------------+----------------------+-----
Fighting       | 4 6 7 |  7.2
Axes           | 5 7 8 |  8.3
Invocations    | 2 |  2.5
Dodging        | |  2.4

Action                     |  1- 3 |  4- 6 |  7- 9 || total
---------------------------+-------+-------+-------++-------
  Melee: Hand axe          |   117 |    77 |       ||   194
         Battleaxe         |       |    24 |    22 ||    46
  Throw: Dart              |       |     6 |       ||     6
 Invoke: Convert to Beogh  |     1 |       |       ||     1
    Use: Scroll            |       |     4 |       ||     4
         Potion            |       |     2 |       ||     2
 Armour: Robe              |    41 |       |       ||    41
         Plate armour      |     1 |   107 |    37 ||   145
  Dodge: Dodged            |    63 |    21 |    15 ||    99

Table legend: (Time is in decaauts)
 A = Elapsed time spent in this place.
 B = Non-inter-level travel time spent in this place.
 C = Inter-level travel time spent in this place.
 D = Time resting spent in this place.
 E = Time spent auto-exploring this place.
 F = Levels seen in this place.
 G = Mean time per level.
                   A        B        C        D        E       F      G
               +--------+--------+--------+--------+--------+-----+--------+
         Total |   3800 |   3599 |    201 |    171 |   2787 |   6 |  633.3 |
       Dungeon |   3795 |   3594 |    201 |    171 |   2787 |   5 |  759.0 |
        Temple |      4 |      4 |      0 |      0 |      0 |   1 |    4.0 |
               +--------+--------+--------+--------+--------+-----+--------+

Top non-repeatable levels by time:
     D:2: 1056 daAuts
     D:1: 871 daAuts
     D:3: 855 daAuts
     D:4: 723 daAuts
     D:5: 289 daAuts
  Temple: 4 daAuts
